cohdb
Replays
Latest Replays
All Replays
Popular Replays
Top Player Replays
Match Explorer
How It Works
Community
CoH3 Stats
Reddit
Sign in to upload your games and track your stats! →
Sign in with Steam
Match 45764807
Unlisted
Match 45764807
Overview
Messages
Build Orders
End
Selects Special Operations Battlegroup
Selects M29 Weasel Recon Vehicle
M29 Weasel Recon Vehicle
Construct Barracks
Riflemen Squad
Riflemen Squad
Selects Smoke Screen
M29 Weasel Recon Vehicle
Smoke Screen
Construct Medical Station
Riflemen Squad
Grenade Package
Air Support Center
P-47 Dive Bomb
Selects SSF Commando Squad
Grasshopper Recon Run
Construct Motor Pool
M8 Greyhound Armored Car
Smoke Screen
Air Supply
Grasshopper Recon Run
P-47 Strafing Run
Engineer Squad
Grasshopper Recon Run
Selects Mark Vehicle
P-47 Strafing Run
Smoke Screen
Skeng.Tecnica.International
Rather Splendid Cromwell
heybuy
SickOFCauger
0
0
Comments
sign in to comment!
No comments posted yet!